 Dungeon Crawl Stone Soup version 0.13.1-27-ga479965 (webtiles) character file.

219 Chiseanne the Ruinous (level 4, -1/30 HPs)
             Began as a Mummy Conjurer on Feb 9, 2014.
             Slain by a gnoll
             ... wielding a +0,+0 flail
              (11 damage)
             ... on Level 2 of the Dungeon.
             The game lasted 00:09:36 (8156 turns).

Chiseanne the Ruinous (Mummy Conjurer)              Turns: 8156, Time: 00:09:37

HP  -1/30        AC  4     Str 11      XL: 4   Next: 77%
MP   2/7         EV 10     Int 15      God:
Gold 98          SH  0     Dex 12      Spells:  2 memorised,  1 level left

Res.Fire  : x . .   See Invis. : .   o - +1,+2 falchion (freeze)
Res.Cold  : + . .   Warding    : .   i - +0 elf leather armour
Life Prot.: + + +   Conserve   : .   (no shield)
Res.Poison: +       Res.Corr.  : .   (no helmet)
Res.Elec. : .       Clarity    : .   d - +0 cloak
Sust.Abil.: . .     Spirit.Shd : .   (no gloves)
Res.Mut.  : .       Stasis     : .   (no boots)
Res.Rott. : +       Flight     : .   h - amulet of faith
Saprovore : . . .                    (no ring)
                                     (no ring)

@: very slightly contaminated, slightly resistant to hostile enchantments,
unstealthy
A: no food or potions, fire vulnerability, restore body, cold resistance 1, life
protection 3, poison resistance, torment resistance, unbreathing
a: no special abilities


You were on level 2 of the Dungeon.
You were not hungry.

You visited 1 branch of the dungeon, and saw 2 of its levels.

You collected 78 gold pieces.

Inventory:

Hand weapons
 o - a +1,+2 falchion of freezing (weapon)
Missiles
 f - 17 poisoned needles
 l - 3 poisoned darts (quivered)
Armour
 d - a +0 cloak (worn)
 i - a +0 elven leather armour (worn)
Magical devices
 a - a wand of magic darts (12)
Scrolls
 g - 3 scrolls of teleportation
Jewellery
 h - an amulet of faith (around neck)
Potions
 e - a potion of heal wounds {unknown}
 j - a potion of flight
 n - a potion of curing {unknown}
 p - 3 potions of brilliance {unknown}
Books
 b - a book of Debilitation

   Spells                             Type                      Level
   Corona                             Hexes                        1
   Slow                               Hexes                        2
   Inner Flame                        Hexes/Fire                   3
   Enslavement                        Hexes                        4
   Cause Fear                         Hexes                        4
   Leda's Liquefaction                Hexes/Earth                  4
 c - a book of Conjurations

   Spells                             Type                      Level
   *Magic Dart                        Conjuration                  1
   Searing Ray                        Conjuration                  2
   Dazzling Spray                     Conjuration/Hexes            3
   *Iskenderun's Mystic Blast         Conjuration                  4
   Iskenderun's Battlesphere          Conjuration/Charms           4
   Fulminant Prism                    Conjuration/Hexes            5


   Skills:
 - Level 1.5 Dodging
 - Level 1.5 Stealth
 * Level 1.9 Spellcasting
 * Level 4.8 Conjurations


You had one spell level left.
You knew the following spells:

 Your Spells              Type           Power        Failure   Level  Hunger
a - Magic Dart            Conj           ###.         3%          1    N/A
b - Iskenderun's Mystic   Conj           ###.....     34%         4    N/A

Dungeon Overview and Level Annotations

Branches:
Dungeon (2/27)

Altars:
Cheibriados
Sif Muna

Annotations:
D:1 exclusion: downstairs
D:2 exclusion: upstairs


Innate Abilities, Weirdness & Mutations

You do not eat or drink.
Your flesh is vulnerable to fire.
Your flesh is cold resistant.
You are immune to negative energy.
Your system is resistant to poisons.
You are immune to unholy pain and torment.
You can survive without breathing.


Message History

The magic dart hits the gnoll.
The gnoll is moderately wounded.
The gnoll hits you but does no damage.
You struggle against the net.
You try to slip out of the net.
The gnoll hits you with a flail.
You slice into the net. The gnoll hits you but does no damage.
You slip out of the net!
The gnoll hits you with a flail.
You hit the gnoll but do no damage.
The gnoll is moderately wounded.
The gnoll closely misses you.
You hit the gnoll. You freeze the gnoll.
The gnoll is heavily wounded.
The gnoll hits you with a flail!
You hit the gnoll but do no damage.
The gnoll is heavily wounded.
The gnoll hits you with a flail.
You completely miss the gnoll.
The gnoll is heavily wounded.
The gnoll hits you with a flail!
You die...

.#.#.# #.......(# #.. .#.#.#
#####'#.[## #..
.#.#.########.....# #..
.#.........##.#..## #..
##.#.#####.##.#..## #..
..................## ##### #..
.###.#.###.#######.####.#.#######
.# #.#.###+## ###...............
.# #.#.##...# #@g......#.#######
.# #.#.##...# #.########.# # .#
#.#.##..%####.########.#######
.###.#.##........................
............(....................
.###.#.#########.######..........
.................................
.###)#...........######.#.#######
............###########.#.#######


You could see a gnoll.

Vanquished Creatures
  3 adders (D:2)
  5 gnolls (D:2)
  A giant gecko (D:2)
  2 ball pythons (D:1)
  3 bats (D:1)
  6 hobgoblins
  A jackal (D:2)
  5 giant cockroaches (D:1)
  4 giant newts (D:1)
  4 goblins
  10 kobolds
  A quokka (D:2)
  7 rats
52 creatures vanquished.

Notes
Turn   | Place    | Note
--------------------------------------------------------------
     0 | D:1      | Chiseanne, the Mummy Conjurer, began the quest for the Orb.
     0 | D:1      | Reached XP level 1. HP: 13/13 MP: 3/3
   316 | D:1      | Reached XP level 2. HP: 4/19 MP: 0/4
  1354 | D:2      | Reached skill level 4 in Conjurations
  1452 | D:2      | Found a snail-covered altar of Cheibriados.
  1461 | D:2      | Found a deep blue altar of Sif Muna.
  2950 | D:1      | Reached XP level 3. HP: 24/24 MP: 2/5
  5898 | D:1      | Noticed an ogre
  7467 | D:2      | Reached XP level 4. HP: 30/30 MP: 3/7
  7511 | D:2      | Learned a level 4 spell: Iskenderun's Mystic Blast
  8156 | D:2      | Slain by a gnoll

Action                   |  1- 3 |  4- 6 || total
-------------------------+-------+-------++-------
Melee: Dagger            |    16 |       ||    16
       Short sword       |     9 |       ||     9
       Falchion          |     7 |    15 ||    22
Throw: Dagger            |     1 |       ||     1
       Dart              |     1 |       ||     1
 Cast: Magic Dart        |    84 |    39 ||   123
Evoke: Wand              |     1 |       ||     1
  Use: Scroll            |     7 |       ||     7
